AoeStats
← Moul_3asirLimoune

Black Forest

509760483Analyzed
4v4 RM · 5d ago on Sep 27, 2026· 53m 55s· 8 players
Game mode
Random Map
Map size
Large (8 player)
Population
200
Speed
Normal
Resources
Standard
Victory
Conquest
Starting age
Dark Age
Ending age
Imperial Age
RankedLock teamsTeams togetherTeam positionsShared explorationLock speedFull tech treeHidden civsTurbo modeCheats
Victory
Defeat
🇨🇴 Persians · Colombia
1249
+13
🇳🇱 Ethiopians · Netherlands
1221
+14
🇺🇸 Saracens · United States
1221
+14
🇺🇸 Danes · United States
1206
+14
🇲🇦 Celts · Morocco
1335
-19
🇲🇦 Mongols · Morocco
1266
-18
🇲🇦 Vietnamese · Morocco
1054
-9
🇲🇦 Bengalis · Morocco
1038
-9
Sherlock_holmes
0:55 Loom
10:49 Feudal Age
16:09 Castle Age
17:59 Scale Mail Armor
18:01 Double-Bit Axe
19:17 Horse Collar
19:52 Bow Saw
26:44 Wheelbarrow
31:02 Gold Mining
34:13 Forging
34:59 Wheelbarrow
35:34 Horse Collar
37:02 Gold Shaft Mining
42:18 Imperial Age
41:09 Crossbowman
42:55 Scale Mail Armor
43:07 Thumb Ring
44:36 Town Watch
44:46 Fletching
46:02 Bodkin Arrow
45:49 Elite Skirmisher
49:05 Bracer
50:43 Chemistry
50:01 Town Watch
52:11 Town Patrol
52:46 Ballistics
52:27 Padded Archer Armor
Sun Tzu
0:26 Loom
17:44 Feudal Age
18:25 Double-Bit Axe
19:46 Fletching
20:32 Horse Collar
28:11 Castle Age
26:47 Man-at-Arms
27:53 Forging
27:43 Scale Mail Armor
27:30 Arson
29:45 Iron Casting
29:13 Squires
30:54 Chain Mail Armor
30:35 Bodkin Arrow
32:19 Bow Saw
33:44 Heavy Plow
37:53 Town Watch
38:44 Wheelbarrow
39:12 Gold Mining
39:14 Stone Mining
43:27 Imperial Age
41:02 Pikeman
43:44 Hamask
43:48 Halberdier
45:01 Plate Mail Armor
47:42 Blast Furnace
51:18 Hand Cart
53:50 Hamask
Party Cannon
11:49 Feudal Age
14:02 Double-Bit Axe
17:06 Castle Age
15:39 Horse Collar
18:09 Bow Saw
18:21 Fletching
24:34 Fishing Lines
25:25 Crossbowman
26:40 Heavy Plow
28:10 Gold Mining
31:46 Imperial Age
29:02 Loom
30:49 Thumb Ring
30:41 Bodkin Arrow
30:46 Padded Archer Armor
31:40 Ballistics
31:52 Elite Skirmisher
31:55 Arbalester
32:42 Bracer
35:05 Chemistry
35:23 Leather Archer Armor
34:31 Light Cavalry
35:21 Bloodlines
35:12 Husbandry
36:08 Bloodlines
38:48 Wheelbarrow
37:54 Hussar
38:46 Forging
40:12 Two-Man Saw
40:29 Conscription
40:26 Bimaristan
39:56 Elite Mameluke
41:08 Ring Archer Armor
41:14 Iron Casting
40:45 Scale Barding Armor
42:36 Elite Skirmisher
43:43 Siege Engineers
47:24 Chain Barding Armor
48:27 Onager
50:49 Siege Onager
53:03 Caravan
TGF LordKYO
4:55 Loom
9:30 Feudal Age
10:13 Double-Bit Axe
10:17 Town Watch
11:35 Horse Collar
12:27 Bloodlines
16:29 Scale Barding Armor
21:18 Castle Age
19:59 Forging
20:14 Gold Mining
21:46 Husbandry
22:32 Iron Casting
22:14 Heavy Plow
25:06 Bow Saw
27:12 Wheelbarrow
27:01 Chain Barding Armor
33:12 Imperial Age
31:00 Hand Cart
31:26 Gold Shaft Mining
30:41 Stone Mining
30:55 Padded Archer Armor
32:52 Cavalier
34:40 Blast Furnace
34:16 Plate Barding Armor
34:42 Two-Man Saw
34:21 Crop Rotation
34:13 Savar
36:22 Fletching
36:47 Leather Archer Armor
38:31 Chemistry
37:52 Ballistics
38:01 Town Patrol
38:02 Scale Mail Armor
38:33 Ring Archer Armor
37:58 Bodkin Arrow
38:17 Caravan
39:39 Elite War Elephant
40:40 Conscription
42:01 Chain Mail Armor
41:07 Pikeman
41:47 Squires
41:33 Gambesons
41:33 Arson
44:20 Light Cavalry
45:46 Kamandaran
46:22 Hoardings
45:58 Citadels
46:53 Plate Mail Armor
46:25 Hussar
47:03 Crossbowman
47:48 Thumb Ring
49:53 Murder Holes
51:18 Sappers
54:07 Guilds
54:27 Coinage
Moul_3asirLimoune
1:44 Loom
18:38 Feudal Age
20:43 Fletching
22:36 Wheelbarrow
36:08 Castle Age
34:04 Stone Mining
33:55 Horse Collar
34:02 Double-Bit Axe
38:40 Stone Shaft Mining
38:17 Bow Saw
39:44 Gold Mining
42:40 Hand Cart
42:48 Bodkin Arrow
43:48 Gold Shaft Mining
43:49 Heavy Plow
47:21 Padded Archer Armor
52:06 Imperial Age
camel-number11
9:03 Loom
10:49 Feudal Age
12:17 Horse Collar
12:23 Double-Bit Axe
12:30 Stone Mining
13:33 Wheelbarrow
18:50 Castle Age
20:45 Bow Saw
20:38 Heavy Plow
20:57 Hand Cart
20:40 Gold Mining
25:59 Town Watch
27:27 Bloodlines
27:17 Husbandry
29:08 Forging
28:48 Fletching
28:58 Scale Mail Armor
29:06 Scale Barding Armor
29:01 Padded Archer Armor
33:57 Imperial Age
31:51 Murder Holes
31:54 Bodkin Arrow
33:04 Chatras
33:58 Elite Battle Elephant
35:18 Iron Casting
38:12 Chain Barding Armor
37:53 Bracer
38:09 Leather Archer Armor
41:41 Elite Rattan Archer
43:18 Caravan
44:39 Paper Money
45:34 Light Cavalry
47:56 Scale Mail Armor
48:33 Plate Barding Armor
47:55 Pikeman
47:59 Elite Fire Lancer
48:25 Arson
48:40 Squires
49:07 Chain Mail Armor
50:51 Pikeman
51:45 Halberdier
54:43 Plate Mail Armor
II ZAN II
4:20 Loom
13:23 Feudal Age
15:28 Double-Bit Axe
15:27 Horse Collar
17:49 Castle Age
19:37 Bow Saw
19:33 Heavy Plow
23:09 Gold Mining
24:50 Stone Mining
28:32 Wheelbarrow
30:56 Imperial Age
29:44 Ballistics
30:23 Fletching
32:07 Hand Cart
31:38 Town Watch
32:14 Bodkin Arrow
32:20 Padded Archer Armor
32:27 Husbandry
32:37 Bloodlines
33:26 Gold Shaft Mining
34:26 Chemistry
32:54 Elite Elephant Archer
34:11 Bracer
34:26 Leather Archer Armor
37:13 Ring Archer Armor
36:38 Siege Elephant
38:59 Caravan
43:01 Onager
49:01 Elite Skirmisher
51:22 Imperial Skirmisher
53:29 Light Cavalry
Moul_Thon
7:25 Loom
11:53 Feudal Age
16:19 Castle Age
14:11 Double-Bit Axe
14:13 Horse Collar
15:22 Town Watch
18:33 Wheelbarrow
18:03 Scale Mail Armor
26:05 Forging
36:49 Fletching
37:15 Chain Mail Armor
42:05 Imperial Age
40:14 Bow Saw
42:41 Hand Cart
43:55 Onager
46:20 Gold Mining
48:13 Plate Mail Armor
48:18 Iron Casting
49:20 Stone Mining
50:06 Gold Shaft Mining
51:31 Conscription
52:29 Bodkin Arrow
Connection lost

Rejoining the realm…

Still unreachable

The connection could not be restored.

Session expired

The server has moved on; the page needs a fresh start.